 Dungeon Crawl Stone Soup version 0.17-a0-1195-g0639cb0 (webtiles) character file.

24363 ragan the Blocker (level 13, -2/114 HPs)
             Began as a Hill Orc Fighter on June 2, 2015.
             Was an Elder of Makhleb.
             Slain by an orc knight
             ... wielding a +0 battleaxe
              (18 damage)
             ... on level 1 of the Orcish Mines.
             The game lasted 01:20:29 (15516 turns).

ragan the Blocker (Hill Orc Fighter)               Turns: 15516, Time: 01:20:29

Health: -2/114     AC: 16    Str: 23 (24) XL:     13   Next: 12%
Magic:  20/20      EV:  6    Int: 14      God:    Makhleb [****..]
Gold:   825        SH: 19    Dex: 10      Spells: 0 memorised, 12 levels left

rFire  . . .     SeeInvis +     t - +9 mace "Cudghets" {drain, *Confuse rElec Int+6 Stlth+}
rCold  . . .     Clarity  .     v - +0 plate armour
rNeg   . . .     SustAt   +     D - +0 large shield
rPois  +         Gourm    .     e - +0 helmet
rElec  +         Spirit   .     Z - +0 cloak {MR+}
rCorr  +         Warding  .     s - +0 pair of gloves
rMut   .         Stasis   .     X - +0 pair of boots
MR     ++...                    P - amulet of resist corrosion
Stlth  ..........               j - ring "Kumowk" {SustAt MR+ SInv}
                                F - ring of poison resistance

@: very slightly contaminated, hasted, very quick, very resistant to hostile
enchantments, extremely unstealthy
A: deformed body, screaming 1, shaggy fur 1
a: Minor Destruction, Lesser Servant of Makhleb, Major Destruction, Renounce
Religion, Convert to Beogh


You were on level 1 of the Orcish Mines.
You worshipped Makhleb.
Makhleb was greatly pleased with you.
You were not hungry.

You visited 5 branches of the dungeon, and saw 19 of its levels.

You collected 978 gold pieces.
You spent 153 gold pieces at shops.

Inventory:

Hand weapons
 d - the +7 spear of Exoneration {pierce, rPois rN+ Dex-4}
   (You found it on level 3 of the Lair of Beasts)

   It inflicts extra damage upon your enemies.
   It affects your dexterity (-4).
   It protects you from poison.
   It protects you from negative energy.
 t - the +9 mace "Cudghets" (weapon) {drain, *Confuse rElec Int+6 Stlth+}
   (You found it on level 4 of the Dungeon)

   A truly terrible weapon, it drains the life of those it strikes.
   It affects your intelligence (+6).
   It insulates you from electricity.
   It may confuse you when you take damage.
   It makes you more stealthy.
 y - a +2 falchion of venom
 L - a +1 dire flail of crushing
Armour
 b - a +0 scale mail
 c - a +0 shield
 e - a +0 helmet (worn)
 s - a +0 pair of gloves (worn)
 v - a +0 plate armour (worn)
 D - a +0 large shield (worn)
 X - a +0 pair of boots (worn)
 Z - a +0 cloak of magic resistance (worn)
Jewellery
 j - the ring "Kumowk" (right hand) {SustAt MR+ SInv}
   (You found it on level 5 of the Lair of Beasts)

   [ring of sustain attributes]

   It sustains your strength, intelligence and dexterity.
   It affects your resistance to hostile enchantments.
   It lets you see invisible.
 F - a ring of poison resistance (left hand)
 P - an amulet of resist corrosion (around neck)
 Q - an uncursed ring of protection from magic
 Y - a cursed ring of loudness
Magical devices
 w - a wand of flame (41)
 B - a wand of flame (28)
 C - a wand of magic darts (12)
 G - a wand of polymorph (9)
Scrolls
 i - 8 scrolls of remove curse
 m - 2 scrolls of amnesia
 o - 4 scrolls of fear
 q - 3 scrolls of identify
 u - 5 scrolls of recharging
 x - 6 scrolls of teleportation
 H - a scroll of blinking
 N - 2 scrolls of magic mapping
 S - a scroll of fog
Potions
 a - 2 potions of poison
 g - 5 potions of brilliance
 r - a potion of curing
 A - 2 potions of haste
 E - 2 potions of cancellation
 J - 3 potions of agility
 M - 2 potions of flight
Books
 p - a book of Summonings

   Spells                             Type                      Level
   a - Recall                         Summoning/Translocation      3
   b - Aura of Abjuration             Summoning                    5
   c - Shadow Creatures               Summoning                    5
   d - Summon Demon                   Summoning                    5
   e - Summon Forest                  Summoning/Translocation      5
   f - Summon Mana Viper              Hexes/Summoning              5
 I - a book of Battle

   Spells                             Type                      Level
   a - Infusion                       Charms                       1
   b - Shroud of Golubria             Charms/Translocation         2
   c - Song of Slaying                Charms                       2
   d - Spectral Weapon                Hexes/Charms                 3
   e - Regeneration                   Charms/Necromancy            3
 K - a book of Beasts

   Spells                             Type                      Level
   a - Summon Butterflies             Summoning                    1
   b - Call Canine Familiar           Summoning                    3
   c - Summon Ice Beast               Ice/Summoning                4
   d - Summon Mana Viper              Hexes/Summoning              5
   e - Summon Hydra                   Summoning                    7
 T - a book of Envenomations

   Spells                             Type                      Level
   a - Spider Form                    Transmutation/Poison         3
   b - Alistair's Intoxication        Transmutation/Poison         4
   c - Olgreb's Toxic Radiance        Poison                       4
   d - Poisonous Cloud                Conjuration/Poison/Air       6
 U - a book of Geomancy

   Spells                             Type                      Level
   a - Sandblast                      Earth                        1
   b - Stoneskin                      Transmutation/Earth          2
   c - Passwall                       Transmutation/Earth          3
   d - Stone Arrow                    Conjuration/Earth            3
   e - Petrify                        Transmutation/Earth          4
   f - Lee's Rapid Deconstruction     Earth                        5
 V - a book of Necromancy

   Spells                             Type                      Level
   a - Pain                           Necromancy                   1
   b - Animate Skeleton               Necromancy                   1
   c - Vampiric Draining              Necromancy                   3
   d - Regeneration                   Charms/Necromancy            3
   e - Animate Dead                   Necromancy                   4
   f - Control Undead                 Necromancy                   4
Miscellaneous
 l - a plain deck of defence
 O - a disc of storms
Comestibles
 f - 2 bread rations
 h - 3 meat rations
 k - a slice of pizza
 n - 3 beef jerkies
 z - 10 fruits
 R - 3 chunks of flesh


   Skills:
 + Level 10.4 Fighting
   Level 5.3(9.2) Axes
 + Level 9.9(10.2) Maces & Flails
 + Level 10.9 Armour
 + Level 3.9 Dodging
 - Level 2.4 Stealth
 + Level 12.6 Shields
 * Level 10.4 Invocations


You had 12 spell levels left.
You didn't know any spells.

Dungeon Overview and Level Annotations

Branches:
Dungeon (11/15)            Temple (1/1) D:4            Lair (5/8) D:8
 Spider (1/4) Lair:4          Orc (1/4) D:10
  Swamp: Lair:3-6    Shoals: Lair:3-6

Altars:
Ashenzari
Cheibriados
Dithmenos
Elyvilon
Fedhas
Gozag
Kikubaaqudgha
Makhleb
Nemelex Xobeh
Okawaru
Qazlal
Ru
Sif Muna
Trog
Vehumet
Xom
Yredelemnul
Zin
The Shining One

Shops:
D:5 ?

Annotations:
D:8 exclusion: 2 oklob saplings
D:11 Erolcha, Josephine
Lair:4 exclusion: oklob plant


Innate Abilities, Weirdness & Mutations

Armour fits poorly on your strangely shaped body.
You occasionally shout uncontrollably at your foes.
You are covered in fur (AC +1).


Message History

Your neqoxec misses the orc warrior.
Your ufetubus closely misses the orc warrior.
Your ufetubus hits the orc warrior but does no damage.
The orc closely misses your smoke demon.
The orc warrior hits your smoke demon with a trident!
You bludgeon the orc!!
You kill the orc!
Makhleb accepts your kill.
You feel a little better.
Your smoke demon hits the orc.
Your smoke demon barely misses the orc.
Your smoke demon completely misses the orc.
The orc warrior hits your smoke demon with a hand axe.
The orc warrior barely misses your neqoxec.
Your ufetubus misses the orc warrior.
Your ufetubus closely misses the orc warrior.
The orc misses your ufetubus.
Your neqoxec barely misses the orc warrior.
The orc hits your smoke demon.
The orc knight hits you with a battleaxe!!
You die...

##.....##....#####
##...........##.# ####
##.........###.###.##
##.......##....#)...
###...#.......#....#.
#.#..###......)......
###....##.....##......
#...#.###...#####...##
##...@.###... ##....
##..)o#...... ......
#........##.> ..###.
###33...## . #oooo5..#
##ooo#5..# ..###.....
... ##...# .... ....


You could see an orc knight, 2 orc warriors, an orc priest (frenzied), 3 orcs, a
friendly smoke demon, a friendly neqoxec, a friendly iron imp and a friendly
ufetubus.

Vanquished Creatures
  A hydra (Lair:3)
  The ghost of ohyou the Transmogrifier, an experienced OpTm of Cheibriados (D:7)
  Pikel (D:6)
  A wolf spider (Lair:4)
  A griffon (Lair:4)
  An orc sorcerer (Orc:1)
  A black mamba (Lair:3)
  3 elephants (Lair:4)
  5 spiny frogs
  The ghost of Zwobot the Fighter, an average DrWn (D:8)
  4 wandering mushrooms (D:8)
  Grinder (D:5)
  A jumping spider (Lair:4)
  A slime creature (D:6)
  3 deep elf magi (D:9)
  A ynoxinul (Lair:3)
  A wyvern (Lair:4)
  15 yaks
  Eustachio (D:6)
  8 wolves
  5 hippogriffs
  The ghost of Zwobot the Cudgeler, an average DsGl (D:4)
  A warg (Orc:1)
  7 water moccasins
  Duvessa (D:5)
  7 orc warriors
  An ice beast (D:9)
  6 sky beasts
  A necrophage (D:8)
  3 slaves (D:6)
  2 phantoms
  2 centaurs
  4 porcupines
  5 crocodiles
  2 big kobolds (D:8)
  5 ogres
  2 wyvern zombies
  A gnoll sergeant (D:7)
  Dowan (D:5)
  8 giant frogs
  A killer bee (D:7)
  A scorpion (D:5)
  8 wights
  An electric eel (D:9)
  7 orc priests
  20 orc wizards
  7 hounds
  10 jellies
  A centaur skeleton (D:7)
  3 iguanas
  A giant frog skeleton (D:9)
  10 worker ants
  7 sheep (Lair:3)
  3 worker ant zombies
  8 gnolls
  16 river rats
  A shadow imp (D:8)
  16 adders
  8 oozes (D:6)
  An adder zombie (D:4)
  3 adder skeletons
  4 worms
  52 orcs
  20 bats
  A bat skeleton (D:5)
  A bat zombie (D:5)
  15 goblins
  21 hobgoblins
  10 jackals
  25 kobolds
  A ball python (D:7)
  9 giant cockroaches
  2 giant geckos
  A giant gecko skeleton (D:5)
  4 giant newts
  2 gnoll zombies (D:2)
  2 quokkas
  11 rats
  5 fungi (Lair:4)
  A plant (Lair:4)
437 creatures vanquished.

Vanquished Creatures (collateral kills)
  The ghost of Zwobot the Fighter, a powerful DrWn of Zin (Lair:3)
  2 hydras
  Urug (Lair:4)
  2 elephants (Lair:4)
  2 smoke demons
  2 black mambas (Lair:3)
  A spiny frog (Lair:3)
  2 komodo dragons
  14 yaks
  A hippogriff (Lair:4)
  8 wolves (Lair:4)
  4 water moccasins
  2 orc warriors (D:10)
  An ogre (Orc:1)
  2 giant frogs (Lair:4)
  An orc priest (Orc:1)
  6 sheep (Lair:3)
  12 river rats
  6 orcs (Orc:1)
  A fungus (Lair:3)
  A plant (Lair:1)
72 creatures vanquished.

Vanquished Creatures (others)
  3 orange demons (Lair:4)
  3 smoke demons (Lair:4)
  A hellwing (Lair:4)
  A ynoxinul (Lair:4)
  5 neqoxecs
  A slave (D:6)
  A crimson imp (Lair:4)
  3 quasits (Lair:3)
  A worker ant zombie (D:9)
  A shadow imp (Lair:4)
  11 ufetubi
  An ooze (D:6)
  A quokka skeleton (D:6)
  6 fungi (D:6)
39 creatures vanquished.

Grand Total: 548 creatures vanquished

Notes
Turn   | Place    | Note
--------------------------------------------------------------
     0 | D:1      | ragan the Hill Orc Fighter began the quest for the Orb.
     0 | D:1      | Reached XP level 1. HP: 19/19 MP: 1/1
    62 | D:1      | Reached XP level 2. HP: 18/27 MP: 2/2
   190 | D:1      | Found a sparkling altar of Nemelex Xobeh.
   360 | D:1      | Reached XP level 3. HP: 28/33 MP: 3/3
   422 | D:1      | Reached skill level 4 in Armour
   606 | D:2      | Found a basalt altar of Yredelemnul.
   759 | D:2      | Found an iron altar of Okawaru.
   955 | D:2      | Reached skill level 1 in Dodging
   955 | D:2      | Reached XP level 4. HP: 40/40 MP: 4/4
  1156 | D:2      | Found a basalt altar of Yredelemnul.
  1342 | D:3      | Reached XP level 5. HP: 10/46 MP: 5/5
  1831 | D:3      | Found a shimmering altar of Xom.
  2084 | D:4      | Reached XP level 6. HP: 21/53 MP: 6/6
  2276 | D:4      | Noticed Zwobot's ghost (average DsGl)
  2289 | D:4      | Killed Zwobot's ghost
  2289 | D:4      | Reached skill level 5 in Shields
  2544 | D:4      | Got a crude mace
  2545 | D:4      | Identified the +9 mace "Cudghets" {drain, *Confuse rElec Int+6 Stlth+} (You found it on level 4 of the Dungeon)
  2610 | D:4      | Noticed an ogre
  2610 | D:4      | Reached skill level 5 in Fighting
  2618 | D:4      | Reached skill level 5 in Armour
  2618 | D:4      | Reached XP level 7. HP: 21/61 MP: 7/7
  2620 | D:4      | Killed an ogre
  2778 | D:4      | Found a staircase to the Ecumenical Temple.
  2877 | Temple   | Entered the Ecumenical Temple
  3038 | D:5      | Entered Level 5 of the Dungeon
  3167 | D:5      | Noticed Duvessa
  3167 | D:5      | Noticed Dowan
  3176 | D:5      | Killed Duvessa
  3176 | D:5      | Reached skill level 5 in Axes
  3178 | D:5      | Killed Dowan
  3178 | D:5      | Reached skill level 1 in Maces & Flails
  3220 | D:5      | Reached skill level 6 in Shields
  3220 | D:5      | Reached XP level 8. HP: 69/69 MP: 8/8
  3250 | D:5      | Found a shimmering altar of Xom.
  3252 | D:5      | Found Jejeith's Magic Scroll Shoppe.
  3258 | D:5      | Bought a scroll of identify for 22 gold pieces
  3258 | D:5      | Bought a scroll of fear for 38 gold pieces
  3258 | D:5      | Bought a scroll of identify for 22 gold pieces
  3258 | D:5      | Bought a scroll of teleportation for 33 gold pieces
  3258 | D:5      | Bought a scroll of fear for 38 gold pieces
  3265 | D:5      | Noticed Grinder
  3269 | D:5      | Paralysed by Grinder for 2 turns
  3280 | D:5      | Killed Grinder
  4421 | D:6      | Found a shattered altar of Ashenzari.
  4437 | D:6      | Found a burning altar of Makhleb.
  4576 | D:6      | Became a worshipper of Makhleb the Destroyer
  4597 | D:6      | Noticed Eustachio
  4611 | D:6      | Killed Eustachio
  4611 | D:6      | Reached skill level 7 in Shields
  4629 | D:6      | Reached XP level 9. HP: 76/78 MP: 9/9
  4824 | D:6      | Noticed Pikel
  4836 | D:6      | Killed Pikel
  4836 | D:6      | Reached skill level 8 in Shields
  4837 | D:6      | Acquired Makhleb's first power
  5345 | D:6      | Found a sacrificial altar of Ru.
  5453 | D:6      | Reached skill level 1 in Stealth
  5486 | D:6      | Reached skill level 5 in Maces & Flails
  5487 | D:6      | Noticed a slime creature
  5500 | D:6      | Killed a slime creature
  5564 | D:7      | Acquired Makhleb's second power
  5571 | D:7      | Reached XP level 10. HP: 86/86 MP: 10/10
  5590 | D:7      | Reached skill level 9 in Shields
  5659 | D:7      | Found a deep blue altar of Sif Muna.
  5665 | D:7      | Noticed ohyou's ghost (experienced OpTm)
  5674 | D:7      | Killed ohyou's ghost
  6388 | D:8      | Noticed Zwobot's ghost (average DrWn)
  6407 | D:8      | Killed Zwobot's ghost
  6731 | D:8      | Found a shattered altar of Ashenzari.
  6962 | D:8      | Reached skill level 10 in Shields
  6992 | D:8      | Found an ancient bone altar of Kikubaaqudgha.
  6992 | D:8      | Found a blossoming altar of Fedhas.
  6993 | D:8      | Found a white marble altar of Elyvilon.
  7039 | D:8      | Acquired Makhleb's third power
  7095 | D:8      | Found a staircase to the Lair.
  7160 | D:8      | Found a blossoming altar of Fedhas.
  7174 | D:8      | HP: 4/90 [wandering mushroom (12)]
  7596 | D:8      | Reached XP level 11. HP: 95/95 MP: 11/11
  7826 | Lair:1   | Entered Level 1 of the Lair of Beasts
  7989 | Lair:1   | Reached skill level 1 in Invocations
  9468 | Lair:3   | Reached skill level 11 in Shields
  9470 | Lair:3   | Noticed Zwobot's ghost (powerful DrWn)
  9502 | Lair:3   | Killed Zwobot's ghost
  9502 | Lair:3   | Reached skill level 5 in Invocations
  9986 | Lair:3   | Noticed a seven-headed hydra
  9999 | Lair:3   | Killed a seven-headed hydra
 10285 | Lair:3   | Gained mutation: You occasionally shout uncontrollably at your foes. [potion of mutation]
 10285 | Lair:3   | Gained mutation: Armour fits poorly on your strangely shaped body. [potion of mutation]
 10285 | Lair:3   | Gained mutation: You are covered in fur (AC +1). [potion of mutation]
 10329 | Lair:3   | Noticed an eight-headed hydra
 10337 | Lair:3   | Killed an eight-headed hydra
 10487 | Lair:3   | Got a warped spear
 10488 | Lair:3   | Identified the +7 spear of Exoneration {pierce, rPois rN+ Dex-4} (You found it on level 3 of the Lair of Beasts)
 10546 | Lair:3   | Reached XP level 12. HP: 88/105 MP: 17/17
 11382 | Lair:4   | Reached skill level 10 in Armour
 11606 | Lair:4   | Reached skill level 12 in Shields
 11702 | Lair:4   | Found a hole to the Spider Nest.
 11818 | Lair:4   | Noticed an eight-headed hydra
 11838 | Lair:4   | Killed an eight-headed hydra
 11838 | Lair:4   | Reached skill level 10 in Fighting
 11861 | Lair:4   | Noticed Urug
 11888 | Lair:4   | Killed Urug
 12682 | Spider:1 | Entered Level 1 of the Spider Nest
 12897 | Lair:4   | Noticed a five-headed hydra
 13067 | Lair:5   | Got a pitted pewter ring
 13070 | Lair:5   | Identified the ring "Kumowk" {SustAt MR+ SInv} (You found it on level 5 of the Lair of Beasts)
 13291 | D:9      | Found a radiant altar of Vehumet.
 13365 | D:9      | Reached skill level 10 in Invocations
 13498 | D:9      | Found a stormy altar of Qazlal.
 13578 | D:9      | Reached XP level 13. HP: 113/113 MP: 20/20
 14382 | D:10     | Entered Level 10 of the Dungeon
 14923 | D:10     | Found a staircase to the Orcish Mines.
 15022 | D:11     | Noticed Erolcha
 15022 | D:11     | Noticed Josephine
 15075 | Orc:1    | Entered Level 1 of the Orcish Mines
 15261 | Orc:1    | Acquired Makhleb's fourth power
 15516 | Orc:1    | Slain by an orc knight

Vault maps used:
D:1:      scummos_arrival_checkerplants, nemelex_deck
D:2:      lemuel_zombie_altar_yredelemnul, okawaru_gym_becter,
          yredelemnul_altar_generic
D:3:      lemuel_doored_altar
D:4:      minmay_temple_entry_enclosed_plants, hangedman_decor_lopped
D:5:      first_bread, serial_shops, shop, basic_altar, grunt_decor_arrowhead,
          uniq_duvessa, uniq_grinder
D:6:      lemuel_slime, nicolae_ru_great_annihilating_truth,
          makhleb_heckhound_becter, basic_altar, uniq_pikel, uniq_eustachio
D:7:      nicolae_overflow_crystal_walls, minivault_25,
          minmay_misc_feat_columns, hangedman_minor_gate_pass
D:8:      nicolae_ashenzari_panopticon, gammafunk_temple_overflow_claw,
          serial_glass, glass_columns_a, glass_columns_a, hangedman_tree_tricks,
          serial_bayou_pond_a, minivault_11
D:9:      statuecave_lemuel, nicolae_qazlal_eye_of_the_storm, vehumet_crystals,
          minmay_librarian
D:10:     david_orc_4
D:11:     enter_trove_5, uniq_erolcha, uniq_josephine
Temple:   temple_of_Zot_ovaries
Lair:2:   lemuel_fruit_tree
Lair:4:   spider_nest_entry_rubble, minmay_lair_oklob_bushes, uniq_urug
Lair:5:   beast_lair_carwin_large_1
Orc:1:    sword_in_stone

Action                   |  1- 3 |  4- 6 |  7- 9 | 10-12 | 13-15 || total
-------------------------+-------+-------+-------+-------+-------++-------
Melee: War axe           |   169 |   166 |       |       |       ||   335
       Mace              |       |    13 |   240 |   738 |   155 ||  1146
Invok: Minor Destruction |       |       |       |    10 |     3 ||    13
       Lesser Servant of |       |       |       |    52 |     6 ||    58
  Use: Scroll            |     4 |     5 |     2 |    13 |     2 ||    26
       Potion            |     3 |     7 |     3 |    13 |     2 ||    28
 Stab: Distracted        |       |       |     1 |     6 |       ||     7
       Invisible         |       |       |     1 |       |       ||     1
       Paralysed         |       |       |     1 |       |       ||     1
  Eat: Chunk             |     1 |     1 |     6 |     5 |     1 ||    14
       Bread ration      |       |     1 |     1 |     5 |       ||     7
       Meat ration       |       |       |       |     1 |     1 ||     2
       Fruit             |       |       |       |       |     1 ||     1
